 Dungeon Crawl Stone Soup version 0.30.1-9-gdf580d7c3d (webtiles) character file.

Game seed: 3363171645784146279

159 safid the Chiller (level 5, 0/40 HPs)
             Began as a Merfolk Ice Elementalist on Sept 27, 2023.
             Slain by Grinder (8 damage)
             ... on level 3 of the Dungeon.
             The game lasted 00:02:11 (2296 turns).

safid the Chiller (Merfolk Ice Elementalist)        Turns: 2296, Time: 00:02:11

Health: 0/40       AC:  4    Str: 14    XL:     5   Next: 40%
Magic:  9/9        EV: 12    Int: 16    God:
Gold:   133        SH:  0    Dex: 15    Spells: 9/10 levels left

rFire   . . .        i - +0 dagger (venom)
rCold   . . .        (no shield)
rNeg    + . .        a - +0 robe
rPois   .            (no helmet)
rElec   .            p - +0 cloak
rCorr   .            (no gloves)
SInv    .            r - +0 pair of boots
Will    .....        (no amulet)
Stlth   ++           d - +6 ring of strength
HPRegen 0.26/turn    h - ring of positive energy
MPRegen 0.11/turn

%: no passive effects
@: attractive, hasted, very quick
A: (nimble swimmer 2), mertail
a: no special abilities


You were on level 3 of the Dungeon.
You visited 1 branch of the dungeon, and saw 3 of its levels.

You collected 133 gold pieces.

Inventory:

Hand Weapons
 i - a +0 dagger of venom (weapon)
Armour
 a - a +0 robe (worn)
 p - a +0 cloak (worn)
 r - a +0 pair of boots (worn)
Jewellery
 d - a +6 ring of strength (left hand)
 h - a ring of positive energy (right hand)
 s - a ring of protection from cold
 v - an amulet of reflection
Scrolls
 e - a scroll of teleportation {unknown}
 f - 2 scrolls of identify {unknown}
 g - a scroll of noise {unknown}
 k - 2 scrolls of amnesia {unknown}
 l - 2 scrolls of magic mapping {unknown}
 u - 2 scrolls of vulnerability {unknown}
Potions
 b - a potion of magic
 c - 2 potions of brilliance {unknown}
 j - a potion of haste
 o - a potion of flight {unknown}
 q - a potion of curing {unknown}
 t - a potion of berserk rage {unknown}


   Skills:
 + Level 2.9 Fighting
 - Level 2.6 Dodging
 - Level 2.1 Stealth
 + Level 3.2 Spellcasting
 + Level 5.4 Ice Magic


You had 9 spell levels left.
You knew the following spells:

 Your Spells              Type           Power      Damage    Failure   Level
a - Freeze                Ice            80%        1d9       1%          1

Your spell library contained the following spells:

 Spells                   Type           Power      Damage    Failure   Level
 Frozen Ramparts          Ice            40%        1d7       6%          3
 Ozocubu's Armour         Ice            20%        N/A       6%          3
 Magic Dart               Conj           8%         1d3       19%         1
 Call Imp                 Summ           4%         N/A       28%         2
 Mephitic Cloud           Conj/Pois/Air  2%         N/A       50%         3
 Summon Ice Beast         Ice/Summ       11%        N/A       52%         4


Dungeon Overview and Level Annotations

Branches:
Dungeon (3/15)

Altars:
Okawaru

Annotations:
D:3 Grinder


Innate Abilities, Weirdness & Mutations

((You are very nimble when in or above water. (Stealth+, EV+, Speed+++)))
Your lower body shifts to a powerful aquatic tail in water.


Message History

Unknown command.
You hit the adder.
The adder is poisoned.
The adder is lightly wounded.
You hit the adder.
The adder is moderately wounded.
You feel sick. The adder closely misses you.
You completely miss the adder.
The adder is moderately wounded.
You feel sick. The adder bites you but does no damage.
You barely miss the adder.
The adder is moderately wounded.
The adder bites you but does no damage.
You hit the adder.
The adder looks as sick as possible!
The adder is severely wounded.
You feel sick.
You are no longer poisoned.
The adder closely misses you.
You hit the adder.
You kill the adder!
You hit Grinder but do no damage. You hit Grinder but do no damage.
Grinder hits you!
You writhe in agony.
You closely miss Grinder. You hit Grinder.
Grinder is lightly wounded.
Grinder hits you.
* * * LOW HITPOINT WARNING * * *
You writhe in agony.
* * * LOW HITPOINT WARNING * * *
You hit Grinder.
Grinder is lightly wounded.
Grinder misses you.
You hit Grinder.
Grinder is poisoned.
Grinder is moderately wounded.
You hit Grinder but do no damage.
Grinder is moderately wounded.
Grinder barely misses you.
You hit Grinder.
Grinder looks as sick as possible!
Grinder is moderately wounded.
Grinder hits you!
You die...

#.# #.# ...# #.# #...#
#.# #...# #.# #...# #.#
#.<.# #.# ###...###
#.###########.......###
#.........@5...........
#############.#...#...
#.............#...#
#.#############.#.# #.#
#.#.# #.# #.#.# #.#
..... #.# ..#.# #.#
...#'#


You could see Grinder (extremely poisoned).

Vanquished Creatures
  Pargi (D:3)
  3 adders
  3 dart slugs
  A ball python (D:1)
  3 endoplasms (D:2)
  2 giant cockroaches
  A hobgoblin (D:3)
  3 quokkas
  3 bats (D:1)
  5 frilled lizards
  4 goblins
  3 kobolds
  4 rats
36 creatures vanquished.

Notes
Turn   | Place    | Note
-------+----------+-------------------------------------------
     0 | D:1      | safid the Merfolk Ice Elementalist began the quest for the
                  | Orb.
     0 | D:1      | Reached XP level 1. HP: 13/13 MP: 3/3
   441 | D:1      | Reached XP level 2. HP: 18/20 MP: 5/5
   659 | D:1      | Reached skill level 1 in Fighting
  1103 | D:2      | Reached XP level 3. HP: 6/26 MP: 3/6
  1394 | D:2      | Found a faded altar of an unknown god.
  2032 | D:3      | Reached skill level 5 in Ice Magic
  2148 | D:3      | Found an iron altar of Okawaru.
  2174 | D:3      | Reached XP level 4. HP: 28/33 MP: 8/8
  2252 | D:3      | Noticed Grinder
  2255 | D:3      | Noticed Pargi
  2257 | D:3      | Paralysed by Grinder for 5 turns
  2278 | D:3      | Killed Pargi
  2279 | D:3      | Reached XP level 5. HP: 4/40 MP: 9/9
  2279 | D:3      | HP: 2/40 [adder (2)]
  2296 | D:3      | Slain by Grinder

Illustrated notes

Levels and vault maps discovered:
D:1:      lemuel_arrival_tunnels, layout_loops_ring, hangedman_decor_lopped,
          fountainhead
D:2:      layout_basic, shapermc_ecumenical_altar_flowoftime
D:3:      layout_basic, mainiacjoe_overflow_small_starburst, uniq_grinder,
          uniq_pargi

Skill      XL: |  1  2  3  4 |
---------------+-------------+-----
Fighting       | 1 2 |  2.9
Ice Magic      | 5 |  5.4
Spellcasting   | 3 |  3.2
Dodging        | |  2.6
Stealth        | |  2.1

Action                     |  1- 3 |  4- 6 || total
---------------------------+-------+-------++-------
  Melee: Dagger            |    92 |    28 ||   120
         Unarmed           |    10 |       ||    10
         Punch             |     1 |     1 ||     2
   Cast: Freeze            |    10 |       ||    10
    Use: Potion            |       |     3 ||     3
   Stab: Sleeping          |     5 |       ||     5
 Armour: Robe              |    21 |    13 ||    34
  Dodge: Dodged            |    57 |    18 ||    75
